 Dungeon Crawl Stone Soup version 0.32-a0-612-g1c984fe9d1 (webtiles) character file.

Game seed: 5385649598607519924

9 Elsrick the Vexing (level 2, -2/20 HPs)
             Began as a Coglin Enchanter on Mar 5, 2024.
             Slain by a kobold
             ... wielding a +0 whip
              (4 damage)
             ... on level 1 of the Dungeon.
             The game lasted 00:01:37 (232 turns).

Elsrick the Vexing (Coglin Enchanter)                Turns: 232, Time: 00:01:38

Health: -2/20      AC:  2    Str:  8    XL:     2   Next: 12%
Magic:  4/4        EV: 12    Int: 14    God:
Gold:   18         SH:  0    Dex: 14    Spells: 2/4 levels left

rFire   . . .        a - +1 dagger {Agathocles}
rCold   . . .        d - +0 dagger {Thoko}
rNeg    . . .        b - +0 robe
rPois   .            (no helmet)
rElec   .            (no cloak)
rCorr   .            (no gloves)
SInv    .            (no boots)
Will    .....        (amulet unavailable)
Stlth   ++           (ring unavailable)
HPRegen 0.23/turn    (ring unavailable)
MPRegen 0.09/turn    (no gizmo)

%: no passive effects
@: revved
A: off-hand wielding, slow wielding, warmup strikes, no jewellery
a: Invent Gizmo


You were on level 1 of the Dungeon.
You visited 1 branch of the dungeon, and saw 1 of its levels.

You collected 18 gold pieces.

Inventory:

Hand Weapons
 a - a +1 dagger (weapon) {Agathocles}
 d - a +0 dagger (offhand) {Thoko}
Armour
 b - a +0 robe (worn)
Scrolls
 f - a scroll of enchant weapon {unknown}
Potions
 c - 2 potions of invisibility
 e - a potion of berserk rage {unknown}


   Skills:
 + Level 0.4 Fighting
 + Level 0.8 Short Blades
 + Level 1.7 Dodging
 + Level 2.7 Stealth
 + Level 1.7 Spellcasting
 + Level 2.9 Hexes


You had 2 spell levels left.
You knew the following spells:

 Your Spells              Type           Power      Damage    Failure   Level
a - Ensorcelled Hibernat  Hex/Ice        10%        N/A       21%         2

Your spell library contained the following spells:

 Spells                   Type           Power      Damage    Failure   Level
 Confusing Touch          Hex            9%         N/A       22%         3
 Tukima's Dance           Hex            9%         N/A       22%         3
 Dazzling Flash           Conj/Hex       10%        N/A       38%         3


Dungeon Overview and Level Annotations

Branches:
Dungeon (1/15)

Altars:


Innate Abilities, Weirdness & Mutations

You can wield a second weapon in your off-hand.
It takes a long time for you to wield or remove held weapons.
Your first few attacks do less damage.
You cannot equip rings or amulets.


Message History

A frilled lizard comes into view.
Found a metallic dark potion.
Found a stone staircase leading down.
A hobgoblin comes into view.
Found a scroll labelled SIJEMU PUGO.
The hobgoblin shouts!
The frilled lizard hisses angrily.
Found 2 gold pieces.
You hit the hobgoblin with your +0 dagger.
The hobgoblin is moderately wounded.
You hit the hobgoblin but do no damage.
The frilled lizard hisses.
The hobgoblin closely misses you.
You barely miss the hobgoblin with your +1 dagger.
The hobgoblin is moderately wounded.
You closely miss the hobgoblin with your +0 dagger.
The hobgoblin hits you. The kobold barely misses you.
You hit the hobgoblin but do no damage.
The hobgoblin is moderately wounded.
You hit the hobgoblin but do no damage. The hobgoblin closely misses you.
The kobold closely misses you.
You closely miss the hobgoblin with your +1 dagger.
The hobgoblin is moderately wounded.
You barely miss the hobgoblin with your +0 dagger.
The frilled lizard barely misses you. The hobgoblin hits you.
The kobold hits you with a +0 whip.
You hit the hobgoblin with your +0 dagger.
The hobgoblin is almost dead.
You barely miss the hobgoblin with your +1 dagger.
The frilled lizard bites you. The hobgoblin hits you.
* * * LOW HITPOINT WARNING * * *
The kobold hits you but does no damage.
You barely miss the hobgoblin with your +1 dagger.
The hobgoblin is almost dead.
You hit the hobgoblin but do no damage. The frilled lizard closely misses you.
The hobgoblin hits you.
* * * LOW HITPOINT WARNING * * *
The kobold closely misses you.
You hit the hobgoblin with your +1 dagger.
You kill the hobgoblin!
The frilled lizard closely misses you. The kobold hits you with a +0 whip.
You die...

####### ##.....>.. ##########
##........# .........#
####...>...... .........#
####.............
.........######................
...............................
.................l.............
.........##.....@..............
.................K.............
.........#########.............
#........# #.##.........?
#........# #..##..........
#..#..#### #!###..........
##.#.## #$ ##........# #...# #.
#.......## ##..#


You could see a kobold and a frilled lizard.

Vanquished Creatures
  An endoplasm (D:1)
  A giant cockroach (D:1)
  A goblin (D:1)
  2 hobgoblins (D:1)
  A quokka (D:1)
  2 ball pythons (D:1)
  A kobold (D:1)
9 creatures vanquished.

Notes
Turn   | Place    | Note
-------+----------+-------------------------------------------
     0 | D:1      | Elsrick the Coglin Enchanter began the quest for the Orb.
     0 | D:1      | Reached XP level 1. HP: 13/13 MP: 3/3
   166 | D:1      | Reached XP level 2. HP: 20/20 MP: 4/4
   194 | D:1      | Learned a level 2 spell: Ensorcelled Hibernation
   232 | D:1      | Slain by a kobold

Illustrated notes

Levels and vault maps discovered:
D:1:      lemuel_arrival_tunnels, layout_rooms, serial_shops, shop,
          minmay_octomino_e4

Action                     || total
---------------------------++-------
  Melee: Dagger            ||    53
 Armour: Robe              ||    14
  Dodge: Dodged            ||    19

Table legend: (Time is in decaauts)
 A = Elapsed time spent in this place.
 B = Non-inter-level travel time spent in this place.
 C = Inter-level travel time spent in this place.
 D = Time resting spent in this place.
 E = Time spent auto-exploring this place.
 F = Levels seen in this place.
 G = Mean time per level.
                   A        B        C        D        E       F      G
               +--------+--------+--------+--------+--------+-----+--------+
         Total |    230 |    230 |      0 |     47 |     89 |   1 |  230.0 |
       Dungeon |    230 |    230 |      0 |     47 |     89 |   1 |  230.0 |
               +--------+--------+--------+--------+--------+-----+--------+

Top non-repeatable levels by time:
     D:1: 230 daAuts
